 Dungeon Crawl Stone Soup version 0.30-a0-557-ge2afbf3030 (webtiles) character file.

Game seed: 16614491107742472903

973 greasedhog the Trooper (level 7, -4/66 HPs)
             Began as a White Draconian Fighter on Dec 28, 2022.
             Was an Initiate of Qazlal.
             Slain by a water moccasin (6 damage)
             ... on level 5 of the Dungeon.
             The game lasted 00:04:58 (4748 turns).

greasedhog the Trooper (White Draconian Fighter)    Turns: 4748, Time: 00:04:58

Health: -4/66      AC:  6    Str: 18    XL:     7   Next: 94%
Magic:  8/8        EV: 12    Int:  8    God:    Qazlal [......]
Gold:   257        SH:  4    Dex: 13    Spells: 6/6 levels left

rFire   . . .      SeeInvis .    a - +0 long sword
rCold   + . .      Faith    .    b - +0 buckler
rNeg    . . .      Spirit   .    (body armour unavailable)
rPois   .          Reflect  .    (helmet restricted)
rElec   .          Harm     .    (no cloak)
rCorr   .          Rampage  .    (no gloves)
Will    .....                    (no boots)
Stlth   +                        (no amulet)
HPRegen 0.31/turn                (no ring)
MPRegen 0.11/turn                (no ring)

@: lethally poisoned (-4 -> -13)
A: breathe frost, AC +6, unfitting armour, cold resistance 1, cold-blooded
a: Breathe Frost, Renounce Religion


You were on level 5 of the Dungeon.
You worshipped Qazlal.
Qazlal was noncommittal.
You visited 2 branches of the dungeon, and saw 6 of its levels.

You collected 257 gold pieces.

Inventory:

Hand Weapons
 a - a +0 long sword (weapon)
Missiles
 l - 2 boomerangs (quivered)
Armour
 b - a +0 buckler (worn)
Jewellery
 j - a ring of ice
 q - a ring of ice
Scrolls
 d - a scroll of enchant weapon {unknown}
 g - a scroll of vulnerability {unknown}
 k - a scroll of torment {unknown}
 m - a scroll of identify {unknown}
 n - a scroll of fog {unknown}
 o - a scroll of fear {unknown}
Potions
 c - 2 potions of might
 e - a potion of berserk rage {unknown}
 f - 4 potions of curing {unknown}
 h - 3 potions of brilliance {unknown}
 i - a potion of haste
 p - a potion of experience {unknown}


   Skills:
 * Level 7.6 Fighting
 * Level 6.5 Long Blades
 - Level 2.6 Dodging
 - Level 3.0 Shields
 + Level 2.3 Invocations


You had 6 spell levels left.
You didn't know any spells.
Your spell library contained the following spells:

 Spells                   Type           Power      Damage    Failure   Level
 Apportation              Tloc           0%         N/A       50%         1
 Gell's Gravitas          Tloc           0%         N/A       86%         3
 Lesser Beckoning         Tloc           0%         N/A       86%         3
 Teleport Other           Tloc           0%         N/A       86%         3
 Olgreb's Toxic Radiance  Pois           0%         N/A       99%         4
 Alistair's Intoxication  Tmut/Pois      0%         N/A       100%        5
 Ozocubu's Refrigeration  Ice            0%         4d7       100%        7
 Ignition                 Fire           0%         3d3       100%        8


Dungeon Overview and Level Annotations

Branches:
Dungeon (5/15)             Temple (1/1) D:4

Altars:
Ashenzari
Cheibriados
Dithmenos
Elyvilon
Fedhas
Gozag
Hepliaklqana
Kikubaaqudgha
Makhleb
Nemelex Xobeh
Okawaru
Qazlal
Ru
Sif Muna
Uskayaw
Wu Jian
Xom
Yredelemnul
Zin
The Shining One


Innate Abilities, Weirdness & Mutations

You can breathe waves of freezing cold which knock back foes.
Your icy white scales are hard. (AC +6)
You cannot fit into any form of body armour.
Your flesh is cold resistant. (rC+)
You are cold-blooded and may be slowed by cold attacks.


Message History

You feel very sick. The water moccasin bites you. x2
You are more poisoned.
The water moccasin poisons you!
The iguana bites you but does no damage.
You miss the water moccasin. You tail-slap the water moccasin.
The water moccasin is heavily wounded.
You feel very sick.
The water moccasin bites you but does no damage.
The iguana bites you!
* * * LOW HITPOINT WARNING * * *
The water moccasin barely misses you.
You are too injured to fight recklessly!
You are too injured to fight recklessly!
You are too injured to fight recklessly!
You are too injured to fight recklessly!
You are too injured to fight recklessly!
You are too injured to fight recklessly!
You are too injured to fight recklessly!
You are too injured to fight recklessly!
You are too injured to fight recklessly!
You are too injured to fight recklessly!
You are too injured to fight recklessly!
You are too injured to fight recklessly!
You are too injured to fight recklessly!
You are too injured to fight recklessly!
You are too injured to fight recklessly!
The water moccasin attacks as you move away!
The water moccasin misses you.
* * * LOW HITPOINT WARNING * * *
You feel very sick. The iguana closely misses you.
The water moccasin attacks as you move away!
The water moccasin bites you.
* * * LOW HITPOINT WARNING * * *
The iguana attacks as you move away! The iguana bites you.
* * * LOW HITPOINT WARNING * * *
x2 You feel very sick.
The water moccasin bites you.
You die...

......... #..#.# .#
#..<.# ..## #....###....
##.#......# #+#
#........# .
#.#########...#.##.#
#.##...............#
#lS@........#.#.#..#
#......##.#..............
######.##.#.....##.####.#
#.##.#.....##.......
#.##.#.....+.......#
#.##.#.....##......#
#....#.....##..##..#
#.##.#.....##..(....
#.#.....##.##...#


You could see a water moccasin and an iguana.

Vanquished Creatures
  A steam dragon (D:4)
  An ice beast (D:5)
  A black bear (D:5)
  An ogre (D:5)
  A kobold brigand (D:5)
  Blork the orc (D:4)
  A scorpion (D:5)
  An orc priest (D:4)
  2 hounds (D:5)
  A jelly (D:4)
  An iguana (D:5)
  Robin (D:2)
  4 gnolls
  6 adders
  A white imp (D:5)
  An ufetubus (D:5)
  2 worms
  2 dart slugs
  4 orcs
  4 ball pythons
  4 endoplasms
  3 giant cockroaches
  21 goblins
  11 hobgoblins
  11 jackals
  4 quokkas
  12 bats
  6 frilled lizards
  15 kobolds
  9 rats
133 creatures vanquished.

Vanquished Creatures (others)
  10 plants
10 creatures vanquished.

Grand Total: 143 creatures vanquished

Notes
Turn   | Place    | Note
-------+----------+-------------------------------------------
     0 | D:1      | greasedhog the Draconian Fighter began the quest for the
                  | Orb.
     0 | D:1      | Reached XP level 1. HP: 19/19 MP: 1/1
   111 | D:1      | Found a faded altar of an unknown god.
   154 | D:1      | Reached XP level 2. HP: 21/26 MP: 2/2
   847 | D:2      | Reached skill level 4 in Fighting
   929 | D:2      | Reached XP level 3. HP: 33/33 MP: 3/3
  1113 | D:2      | Reached XP level 4. HP: 28/41 MP: 4/4
  1394 | D:2      | Noticed Robin
  1423 | D:2      | Killed Robin
  1471 | D:2      | Reached skill level 5 in Fighting
  1637 | D:2      | Reached XP level 5. HP: 48/48 MP: 5/5
  3269 | D:4      | Reached XP level 6. HP: 39/57 MP: 6/6
  3377 | D:4      | Found a staircase to the Ecumenical Temple.
  3389 | D:4      | Noticed Blork the orc
  3404 | D:4      | Killed Blork the orc
  3405 | D:4      | Reached skill level 6 in Fighting
  3409 | Temple   | Entered the Ecumenical Temple
  3685 | Temple   | Became a worshipper of Qazlal Stormbringer
  3740 | D:4      | Noticed a steam dragon
  3759 | D:4      | Killed a steam dragon
  3760 | D:4      | Reached skill level 5 in Long Blades
  4125 | D:5      | Entered Level 5 of the Dungeon
  4246 | D:5      | Your scales start taking on an icy white colour.
  4246 | D:5      | Reached XP level 7. HP: 61/64 MP: 7/7
  4246 | D:5      | Gained mutation: Your flesh is cold resistant. (rC+) [White
                  | Draconian growth]
  4255 | D:5      | Reached skill level 7 in Fighting
  4255 | D:5      | Reached skill level 1 in Invocations
  4748 | D:5      | HP: 2/66 [poisoned by a water moccasin]
  4748 | D:5      | Slain by a water moccasin

Illustrated notes

Levels and vault maps discovered:
D:1:      zelgadis_glass_arrival_small, layout_basic,
          ebering_ecumenical_altar_webs, minmay_misc_feat_rugged
D:2:      cheibrodos_greedy_goblins, layout_loops_ring, chequers_big_river,
          uniq_robin
D:3:      layout_rooms, lexackson_kobold_supper
D:4:      layout_loops_cross, minmay_temple_entry_stoned_glass,
          uniq_blork_the_orc
D:5:      layout_basic
Temple:   nicolae_temple_bog_church

Skill      XL: |  1  2  3  4  5  6  7 |
---------------+----------------------+-----
Fighting       | 4 5 6 7 |  7.6
Long Blades    | 3 4 5 6 |  6.5
Invocations    | 2 |  2.3
Dodging        | |  2.6
Shields        | |  3.0

Action                   |  1- 3 |  4- 6 |  7- 9 || total
-------------------------+-------+-------+-------++-------
Melee: Long sword        |   120 |   277 |    85 ||   482
       Tailslap          |    10 |    29 |    12 ||    51
 Abil: Breathe Frost     |       |       |     1 ||     1
  Use: Potion            |       |     1 |       ||     1
 Stab: Sleeping          |     1 |       |       ||     1
Armor: Skin              |    66 |   106 |    25 ||   197
Dodge: Dodged            |    91 |   210 |    51 ||   352
Block: Buckler           |    44 |    68 |    16 ||   128

Table legend: (Time is in decaauts)
 A = Elapsed time spent in this place.
 B = Non-inter-level travel time spent in this place.
 C = Inter-level travel time spent in this place.
 D = Time resting spent in this place.
 E = Time spent auto-exploring this place.
 F = Levels seen in this place.
 G = Mean time per level.
                   A        B        C        D        E       F      G
               +--------+--------+--------+--------+--------+-----+--------+
         Total |   4878 |   4746 |    132 |    613 |   3068 |   6 |  813.0 |
       Dungeon |   4577 |   4467 |    110 |    613 |   2807 |   5 |  915.4 |
        Temple |    301 |    279 |     22 |      0 |    261 |   1 |  301.0 |
               +--------+--------+--------+--------+--------+-----+--------+

Top non-repeatable levels by time:
     D:2: 1285 daAuts
     D:1: 1048 daAuts
     D:4: 873 daAuts
     D:3: 735 daAuts
     D:5: 634 daAuts
  Temple: 301 daAuts
